 Dungeon Crawl Stone Soup version 0.22-a0-515-g75794bf (webtiles) character file.

3618 twistedcrescendo the Fighter (level 9, -5/91 HPs)
             Began as a Minotaur Berserker on June 19, 2018.
             Was a High Priest of Trog.
             Slain by a hornet (9 damage)
             ... on level 7 of the Dungeon.
             The game lasted 00:43:19 (5601 turns).

twistedcrescendo the Fighter (Minotaur Berserker)   Turns: 5601, Time: 00:43:19

Health: -5/91      AC:  7    Str: 23    XL:     9   Next: 86%
Magic:  8/8        EV: 15    Int:  9    God:    Trog [*****.]
Gold:   227        SH:  0    Dex: 12    Spells: 8/8 levels left

rFire    . . .     SeeInvis .   L - +3 mace of Fica {protect, *Rage MR++ Int+5}
rCold    + . .     Gourm    .   (no shield)
rNeg     . . .     Faith    .   I - +3 leather armour
rPois    .         Spirit   .   (helmet restricted)
rElec    .         Reflect  .   i - scarf {repulsion}
rCorr    .         Harm     .   d - +0 pair of gloves
MR       ++...     Rnd*Rage +   (no boots)
Stlth    +.........             (no amulet)
HPRegen  0.25/turn              C - +3 ring of evasion
MPRegen  0.11/turn              t - ring of protection from cold

@: lethally poisoned (-5 -> -29), about to teleport, slowed, repel missiles,
very slow
A: retaliatory headbutt, horns 2
a: Berserk, Trog's Hand, Brothers in Arms, Renounce Religion


You were on level 7 of the Dungeon.
You worshipped Trog.
Trog was extremely pleased with you.
You were not hungry.

You visited 1 branch of the dungeon, and saw 7 of its levels.
You also visited: Ossuary.

You collected 227 gold pieces.

Inventory:

Hand Weapons
 E - a +1 flail of holy wrath
 G - a +0 flail of crushing
 H - a +0 antimagic flail
 L - the +3 mace of Fica (weapon) {protect, *Rage MR++ Int+5}
   (You found it on level 7 of the Dungeon)

   It protects the one who uses it against injury (+AC on strike).
   It affects your intelligence (+5).
   It affects your resistance to hostile enchantments.
   It may make you go berserk in combat.
Missiles
 s - 6 silver javelins (quivered)
Armour
 d - a +0 pair of gloves (worn)
 i - a scarf of repulsion (worn)
 j - a +0 scale mail
 I - a +3 leather armour (worn)
Jewellery
 k - an uncursed ring of protection from cold
 l - an uncursed amulet of harm
 o - an uncursed ring of resist corrosion
 t - a ring of protection from cold (right hand)
 w - an uncursed ring of resist corrosion
 C - a +3 ring of evasion (left hand)
 M - a +2 ring of intelligence
Wands
 u - a wand of enslavement (10)
Scrolls
 a - a scroll of magic mapping {unknown}
 f - 2 scrolls of fear {unknown}
 n - 7 scrolls of remove curse
 r - 5 scrolls of enchant weapon
 v - a scroll of teleportation
 y - a scroll of fog {unknown}
 A - a scroll of amnesia
 D - 2 scrolls of enchant armour {unknown}
 F - 6 scrolls of identify
Potions
 b - 2 potions of haste
 e - 3 potions of curing {unknown}
 g - 3 potions of heal wounds {unknown}
 h - 3 potions of degeneration
 m - a potion of agility
 p - 3 potions of berserk rage {unknown}
 q - a potion of cancellation {unknown}
 x - 3 potions of flight {unknown}
 z - 4 potions of lignification {unknown}
 B - a potion of might
 J - a potion of ambrosia {unknown}
Comestibles
 c - 10 rations
 K - a chunk of flesh


   Skills:
 + Level 12.3 Fighting
 - Level 12.0 Maces & Flails
 - Level 2.5 Armour
 - Level 2.3 Dodging


You had 8 spell levels left.
You didn't know any spells.
Your spell library contained the following spells:

 Spells                   Type           Power        Failure   Level  Hunger
 Magic Dart               Conj           #...         43%         1    ##.....
 Conjure Flame            Conj/Fire      #.......     80%         3    ####...
 Slow                     Hex            #.......     56%         2    ###....
 Mephitic Cloud           Conj/Pois/Air  #.......     80%         3    ####...
 Blink                    Tloc           N/A          56%         2    ###....
 Call Imp                 Summ           #.......     56%         2    ###....


Dungeon Overview and Level Annotations

Branches:
Dungeon (7/15)             Temple (0/1) D:5

Altars:
Cheibriados
Kikubaaqudgha
Sif Muna
Wu Jian

Shops:
D:7 [


Innate Abilities, Weirdness & Mutations

You reflexively headbutt those who attack you in melee.
You have a pair of horns on your head.


Message History

The hornet misses you. The hornet barely misses you. You furiously retaliate!
You headbutt the hornet.
As you read the scroll of teleportation, it crumbles to dust.
You feel strangely unstable.
* * * LOW HITPOINT WARNING * * *
You feel very sick. The hornet barely misses you. You furiously retaliate!
You headbutt the hornet, but do no damage.
The hornet barely misses you. You furiously retaliate!
You headbutt the hornet, but do no damage.
* * * LOW HITPOINT WARNING * * *
You feel very sick. The hornet misses you.
As you read the scroll labeled BISCHIU QENEK, it crumbles to dust.
It is a scroll of amnesia.
You feel forgetful for a moment.
* * * LOW HITPOINT WARNING * * *
You feel very sick. The hornet completely misses you. The hornet stings you!
You die...

########## #........#
#.######.# #.# #.#
#########
##.######.#####.......#
#...............#####.##
##.######...y#.........###
#.# #....@.##........#
#.######....#.##.###..#.#
#..))..))#.##.##.###..#.#
###.########.##.##......#.#
#...# #.##.##..###.#.#
#.### ##'##.##..# #.#.# #.#
##...#.##..###.#.# #.##
##................# #..##
##.......###.##.####


You could see a hornet.

Vanquished Creatures
  Pikel (D:4)
  Sigmund (D:5)
  A wraith (Ossuary)
  Eustachio (D:5)
  Edmund (D:4)
  Duvessa (D:5)
  An orc warrior (D:6)
  3 sky beasts
  A phantom (D:4)
  An ogre (D:6)
  A centaur (D:5)
  A crocodile (D:7)
  An elf zombie (Ossuary)
  Dowan (D:5)
  3 scorpions
  4 wights (D:7)
  4 crimson imps
  A bullfrog zombie (D:7)
  A quasit (D:6)
  2 centaur zombies
  3 hounds
  2 jellies
  3 orc priests
  A bullfrog skeleton (D:3)
  A centaur skeleton (D:4)
  Natasha (thrice) (D:4)
  3 iguanas
  4 worker ants
  5 orc wizards
  A hound zombie (D:7)
  3 mummies (Ossuary)
  10 adders
  13 gnolls
  A shadow imp (D:7)
  2 oozes
  An adder zombie (D:7)
  An adder skeleton (D:4)
  3 worms
  A dart slug (D:1)
  3 leopard geckos
  15 orcs
  2 ball pythons
  8 giant cockroaches
  10 goblins
  4 hobgoblins
  14 jackals
  8 kobolds
  6 bats
  5 frilled lizards
  2 goblin zombies (Ossuary)
  3 hobgoblin zombies (Ossuary)
  3 kobold zombies (Ossuary)
  An orc zombie (Ossuary)
  A quokka skeleton (D:5)
  8 rats
185 creatures vanquished.

Vanquished Creatures (others)
  A slave (D:4)
  A centaur skeleton (D:4)
  An adder skeleton (D:4)
  A worm (D:4)
4 creatures vanquished.

Grand Total: 189 creatures vanquished

Notes
Turn   | Place    | Note
-------+----------+-------------------------------------------
     0 | D:1      | twistedcrescendo the Minotaur Berserker began the quest for the Orb.
     0 | D:1      | Reached XP level 1. HP: 19/19 MP: 0/0
    63 | D:1      | Reached XP level 2. HP: 14/27 MP: 1/1
   268 | D:1      | Reached ** piety under Trog
   492 | D:1      | Reached XP level 3. HP: 34/34 MP: 2/2
   923 | D:2      | Noticed a scorpion
   938 | D:2      | Killed a scorpion
   938 | D:2      | Reached skill level 5 in Fighting
   938 | D:2      | Reached skill level 5 in Maces & Flails
   938 | D:2      | Reached XP level 4. HP: 9/42 MP: 3/3
  1687 | D:2      | Reached XP level 5. HP: 46/48 MP: 4/4
  1910 | D:3      | Reached *** piety under Trog
  2356 | D:3      | Reached XP level 6. HP: 54/57 MP: 5/5
  2479 | D:3      | Found a deep blue altar of Sif Muna.
  2479 | D:3      | Found a snail-covered altar of Cheibriados.
  2584 | D:5      | Entered Level 5 of the Dungeon
  2584 | D:5      | Noticed Sigmund
  2604 | D:5      | Killed Sigmund
  2606 | D:5      | Reached XP level 7. HP: 66/66 MP: 6/6
  2673 | D:5      | Noticed Eustachio
  2699 | D:5      | Found a staircase to the Ecumenical Temple.
  2703 | D:5      | Killed Eustachio
  2766 | D:5      | Found a sand-covered staircase.
  2773 | Ossuary  | Entered an ossuary
  2773 | Ossuary  | Noticed a wraith
  2773 | Ossuary  | Noticed a wraith
  2773 | Ossuary  | Noticed a wraith
  2943 | Ossuary  | Noticed a wraith
  2950 | Ossuary  | Killed a wraith
  2979 | Ossuary  | Reached XP level 8. HP: 33/75 MP: 7/7
  3449 | D:5      | Noticed Duvessa
  3454 | D:5      | Killed Duvessa
  3473 | D:5      | Noticed Dowan
  3480 | D:5      | Killed Dowan
  3714 | D:4      | Reached **** piety under Trog
  3935 | D:4      | Noticed Natasha
  3941 | D:4      | Killed Natasha
  3955 | D:4      | Noticed Pikel
  3971 | D:4      | Killed Pikel
  3971 | D:4      | Reached skill level 10 in Fighting
  3971 | D:4      | Reached skill level 10 in Maces & Flails
  3990 | D:4      | Reached XP level 9. HP: 86/86 MP: 8/8
  3991 | D:4      | Found an ornate altar of the Wu Jian Council.
  4001 | D:4      | Noticed Natasha
  4010 | D:4      | Killed Natasha
  4050 | D:4      | Found an ancient bone altar of Kikubaaqudgha.
  4054 | D:4      | Noticed Edmund
  4074 | D:4      | Killed Edmund
  4160 | D:4      | Noticed Natasha
  4169 | D:4      | Killed Natasha
  5162 | D:7      | Reached ***** piety under Trog
  5262 | D:7      | Got a smoking mace
  5263 | D:7      | Identified the +3 mace of Fica {protect, *Rage MR++ Int+5} (You found it on level 7 of the Dungeon)
  5301 | D:7      | Found Zellil's Antique Armour Emporium.
  5593 | D:7      | Paralysed by a hornet for 2 turns
  5601 | D:7      | HP: 4/91 [poisoned by a hornet]
  5601 | D:7      | Slain by a hornet

Vault maps used:
D:1:      mrwooster_arrival_statue_3, minmay_pentomino_r4
D:2:      nrook_mini_vaults, minmay_misc_feat_rows
D:3:      gammafunk_temple_overflow_wave
D:4:      lemuel_doored_altar, kiku_gazebo_pond_becter, uniq_edmund, uniq_pikel,
          uniq_natasha
D:5:      minmay_temple_entry_glass, nicolae_ossuary_entry_plus, first_ration,
          uniq_sigmund, uniq_duvessa, uniq_eustachio
D:7:      serial_shops, kennysheep_mini
Ossuary:  ossuary_kennysheep_city_of_the_dead

Skill      XL: |  1  2  3  4  5  6  7  8  9 |
---------------+----------------------------+-----
Maces & Flails | 4 5 6 7 8 10 12 | 12.0
Fighting       | 4 5 6 7 8 10 12 | 12.3
Armour         | |  2.5
Dodging        | |  2.3

Action                   |  1- 3 |  4- 6 |  7- 9 || total
-------------------------+-------+-------+-------++-------
Melee: Mace              |    79 |   127 |   320 ||   526
       Headbutt          |    10 |    21 |    83 ||   114
       Flail             |       |       |    14 ||    14
Throw: Javelin           |       |       |     3 ||     3
Invok: Berserk           |     1 |     1 |     1 ||     3
       Trog's Hand       |     1 |     1 |       ||     2
  Use: Scroll            |       |       |     9 ||     9
  Eat: Chunk             |       |     7 |     9 ||    16
       Ration            |       |       |     1 ||     1
Armor: Animal skin       |    28 |       |       ||    28
       Scale mail        |    18 |    67 |    68 ||   153
       Leather armour    |       |       |    41 ||    41
Dodge: Dodged            |    72 |    80 |   159 ||   311
       Deflected         |       |     1 |     2 ||     3

Table legend:
 A = Spawn XP
 B = Non-spawn XP
 C = Spawn XP percentage of total XP
 D = Spawn monster count
 E = Non-spawn monster count
 F = Spawn count percentage of total count
 G = Total turns spent on level
                    A         B        C        D         E        F      G
               +---------+---------+-------+---------+---------+-------+---------
         Total |       0 |    5169 |   0.0 |       0 |     184 |   0.0 |  5601
               +---------+---------+-------+---------+---------+-------+---------
           D:1 |       0 |      60 |   0.0 |       0 |      34 |   0.0 |   880
           D:2 |       0 |     137 |   0.0 |       0 |      21 |   0.0 |   974
           D:3 |       0 |     200 |   0.0 |       0 |      25 |   0.0 |   782
           D:4 |       0 |    1342 |   0.0 |       0 |      24 |   0.0 |   593
           D:5 |       0 |    1120 |   0.0 |       0 |      19 |   0.0 |   496
           D:6 |       0 |    1094 |   0.0 |       0 |      33 |   0.0 |   734
           D:7 |       0 |     839 |   0.0 |       0 |      16 |   0.0 |   471
       Ossuary |       0 |     377 |   0.0 |       0 |      12 |   0.0 |   671
               +---------+---------+-------+---------+---------+-------+---------
